AoeStats
← Gino6398

Arabian Desert

509808643Analyzed
1v1 RM · 3d ago on Sep 28, 2026· 83m 9s· 2 players
Game mode
Random Map
Map size
Tiny (2 player)
Population
200
Speed
Normal
Resources
Standard
Victory
Conquest
Starting age
Dark Age
Ending age
Imperial Age
RankedLock teamsTeams togetherTeam positionsShared explorationLock speedFull tech treeHidden civsTurbo modeCheats
Victory
Defeat
🇮🇹 Varangians · Italy
1077
+15
🇺🇸 Vietnamese · United States
1062
-15
Tim
6:13 Loom
9:14 Feudal Age
9:45 Double-Bit Axe
21:02 Castle Age
20:24 Town Watch
21:59 Bow Saw
22:08 Gold Mining
22:55 Padded Archer Armor
22:47 Fletching
23:35 Wheelbarrow
23:45 Bodkin Arrow
24:16 Crossbowman
25:08 Horse Collar
27:07 Padded Archer Armor
29:16 Ballistics
31:41 Leather Archer Armor
34:11 Scale Barding Armor
34:17 Forging
34:11 Light Cavalry
37:07 Hand Cart
37:56 Chain Barding Armor
37:40 Husbandry
37:51 Bloodlines
38:53 Iron Casting
42:02 Imperial Age
42:45 Bracer
42:06 Arbalester
44:55 Two-Man Saw
45:47 Chemistry
49:44 Siege Engineers
49:52 Masonry
49:55 Fortified Wall
49:39 Guard Tower
54:45 Paper Money
56:15 Murder Holes
74:24 Heavy Plow
82:06 Thumb Ring
Gino6398
7:18 Loom
9:36 Feudal Age
10:20 Double-Bit Axe
15:30 Castle Age
15:59 Bloodlines
21:01 Horse Collar
23:03 Wheelbarrow
23:32 Husbandry
23:46 Scale Barding Armor
24:00 Heavy Plow
24:50 Gold Mining
25:31 Ballistics
26:12 Hand Cart
26:32 Forging
26:55 Masonry
28:49 Vendel Legacy
29:31 Fletching
29:48 Murder Holes
31:27 Chain Barding Armor
31:04 Bodkin Arrow
31:45 Iron Casting
38:21 Imperial Age
38:51 Heavy Scorpion
39:52 Bracer
40:28 Plate Barding Armor
40:54 Blast Furnace
39:22 Cavalier
41:33 Conscription
41:32 Siege Engineers
42:28 Chemistry
41:59 Architecture
46:10 Town Watch
58:07 Elite Jarl
73:28 Light Cavalry
74:48 Hussar
78:45 Town Patrol
Connection lost

Rejoining the realm…

Still unreachable

The connection could not be restored.

Session expired

The server has moved on; the page needs a fresh start.